 Dungeon Crawl Stone Soup version 0.22-a0-42-g002c468 (webtiles) character file.

60 KristoblXynda the Charmwright (level 3, 0/18 HPs)
             Began as a Spriggan Skald on Jan 5, 2018.
             Killed from afar by an orc wizard (8 damage)
             ... with a magic dart
             ... on level 3 of the Dungeon.
             The game lasted 00:03:27 (2247 turns).

KristoblXynda the Charmwright (Spriggan Skald)      Turns: 2247, Time: 00:03:28

Health: 0/18       AC:  2    Str:  8    XL:     3   Next: 82%
Magic:  1/8        EV: 20    Int: 14    God:
Gold:   102        SH:  0    Dex: 15    Spells: 0/7 levels left

rFire    . . .     SeeInvis +   a - +0 short sword
rCold    . . .     Gourm    .   (shield restricted)
rNeg     . . .     Faith    .   b - +0 robe
rPois    .         Spirit   .   (helmet restricted)
rElec    .         Reflect  .   (no cloak)
rCorr    .         Harm     .   (gloves unavailable)
MR       .....                  (boots unavailable)
Stlth    +.........             (no amulet)
HPRegen  0.06/turn              (no ring)
MPRegen  0.11/turn              (no ring)

@: infused, very quick
A: very small, unfitting armour, see invisible, herbivore, speed 3, slow
metabolism 2
a: no special abilities


You were on level 3 of the Dungeon.
You were not hungry.

You visited 1 branch of the dungeon, and saw 3 of its levels.

You collected 102 gold pieces.

Inventory:

Hand Weapons
 a - a +0 short sword (weapon)
Armour
 b - a +0 robe (worn)
Scrolls
 e - 2 scrolls of teleportation {unknown}
 f - 3 scrolls of identify
 h - a scroll of enchant weapon {unknown}
 j - a scroll of random uselessness {unknown}
Potions
 g - 2 potions of curing
 i - a potion of might
Books
 c - a book of Battle

   Spells                             Type                      Level
   a - Infusion                       Charms                       1
   b - Shroud of Golubria             Charms/Translocation         2
   c - Song of Slaying                Charms                       2
   d - Spectral Weapon                Hexes/Charms                 3
   e - Regeneration                   Charms/Necromancy            3
Comestibles
 d - 5 rations


   Skills:
 - Level 1.5 Fighting
 + Level 3.1 Short Blades
 + Level 4.7 Dodging
 - Level 2.6 Spellcasting
 + Level 5.4 Charms


You couldn't memorise any spells.
You knew the following spells:

 Your Spells              Type           Power        Failure   Level  Hunger
a - Infusion              Chrm           ###.         2%          1    #......
b - Regeneration          Chrm/Necr      #.........   22%         3    ###....
c - Spectral Weapon       Hex/Chrm       #.......     22%         3    ###....


Dungeon Overview and Level Annotations

Branches:
Dungeon (3/15)

Altars:
Kikubaaqudgha
Uskayaw


Innate Abilities, Weirdness & Mutations

You are very small and have problems with some larger weapons.
You are too small for most types of armour.
You have supernaturally acute eyesight. (SInv)
You are a herbivore.
You cover ground extremely quickly.
You need consume almost no food.


Message History

The giant cockroach completely misses you.
You hit the giant cockroach.
The giant cockroach is almost dead.
The giant cockroach completely misses you. x2
You hit the giant cockroach!
You kill the giant cockroach!
The orc wizard closely misses you.
You hit the orc wizard.
The orc wizard is lightly wounded.
The orc wizard gestures at you while chanting.
The magic dart hits you!
Ouch! That really hurt!
You closely miss the orc wizard.
The orc wizard is lightly wounded.
The orc wizard mumbles some strange words.
The orc wizard blinks!
You see here a chain mail.
The orc wizard casts a spell at you. The magic dart hits you!
You die...

#..........# #........#
##.##.###..###.######.#
#.##.# #.#...## #.##.#
#.##[## ....#. #.##.#
#.## # #.##.# #.##.#
..#.#.##[# .....o.<@#
..#.#.......# #########


You could see an orc wizard.

Vanquished Creatures
  2 adders (D:2)
  A worm (D:2)
  3 leopard geckos
  3 orcs (D:3)
  A giant cockroach (D:3)
  7 goblins
  3 hobgoblins
  2 ball pythons (D:2)
  2 bats
  3 frilled lizards
  5 kobolds
  3 rats (D:2)
35 creatures vanquished.

Notes
Turn   | Place    | Note
-------+----------+-------------------------------------------
     0 | D:1      | KristoblXynda the Spriggan Skald began the quest for the Orb.
     0 | D:1      | Reached XP level 1. HP: 10/10 MP: 5/5
   152 | D:1      | Reached XP level 2. HP: 14/14 MP: 6/6
   736 | D:2      | Found an ancient bone altar of Kikubaaqudgha.
   749 | D:2      | Reached skill level 5 in Charms
   749 | D:2      | Reached XP level 3. HP: 15/18 MP: 2/8
   762 | D:2      | Learned a level 3 spell: Regeneration
   766 | D:2      | Learned a level 3 spell: Spectral Weapon
  1273 | D:2      | Found a hide-covered altar of Uskayaw.
  2247 | D:3      | Killed from afar by an orc wizard

Vault maps used:
D:1:      dpeg_arrival_boxes_within_box, kennysheep_nondescript, grunt_decor_cap
D:2:      old_standard_altar, kiku_gazebo_pond_becter
D:3:      overflow_temple_1_default

Skill      XL: |  1  2  3 |
---------------+----------+-----
Dodging        | 4 |  4.7
Charms         | 5 |  5.4
Short Blades   | 3 |  3.1
Fighting       | |  1.5
Spellcasting   | |  2.6

Action                   || total
-------------------------++-------
Melee: Short sword       ||   119
 Cast: Infusion          ||    10
  Use: Scroll            ||     2
 Stab: Sleeping          ||     1
Armor: Robe              ||     8
Dodge: Dodged            ||    92

Table legend:
 A = Spawn XP
 B = Non-spawn XP
 C = Spawn XP percentage of total XP
 D = Spawn monster count
 E = Non-spawn monster count
 F = Spawn count percentage of total count
 G = Total turns spent on level
                    A         B        C        D         E        F      G
               +---------+---------+-------+---------+---------+-------+---------
         Total |       0 |      87 |   0.0 |       0 |      35 |   0.0 |  2247
               +---------+---------+-------+---------+---------+-------+---------
           D:1 |       0 |      24 |   0.0 |       0 |      14 |   0.0 |   651
           D:2 |       0 |      50 |   0.0 |       0 |      16 |   0.0 |  1518
           D:3 |       0 |      13 |   0.0 |       0 |       5 |   0.0 |    78
               +---------+---------+-------+---------+---------+-------+---------
